 Dungeon Crawl Stone Soup version 0.16.1-14-g82efdee (webtiles) character file.

1205 jacksonaction the Summoner (level 8, 61/62 HPs)
             Began as a Naga Summoner on Apr 12, 2015.
             Was a Priest of Cheibriados.
             Quit the game on level 6 of the Dungeon.
             The game lasted 01:16:20 (7164 turns).

jacksonaction the Summoner (Naga Summoner)          Turns: 7164, Time: 01:16:20

Health: 61/62      AC:  3    Str: 17      XL:     8   Next: 45%
Magic:  16/16      EV: 10    Int: 24      God:    Cheibriados [***...]
Gold:   159        SH:  0    Dex: 16 (20) Spells: 4 memorised, 3 levels left

rFire  . . .     SeeInvis +     (no weapon)
rCold  . . .     Clarity  .     a - +0 robe
rNeg   . . .     SustAb   .     (no shield)
rPois  +         Gourm    .     (no helmet)
rElec  .         Spirit   .     (no cloak)
rCorr  +         Warding  .     (no gloves)
rMut   .         Stasis   .     (no barding)
MR     +....                    m - amulet of resist corrosion
Stlth  +++.......               (no ring)
                                (no ring)

@: very slow, somewhat resistant to hostile enchantments, fairly stealthy
A: spit poison, see invisible, deformed body, poison resistance, slowness 2, AC
+2
a: Spit Poison, Bend Time, Temporal Distortion, Renounce Religion


You were on level 6 of the Dungeon.
You worshipped Cheibriados.
Cheibriados was most pleased with you.
You were not hungry.

You visited 1 branch of the dungeon, and saw 7 of its levels.

You collected 159 gold pieces.

Inventory:

Hand weapons
 y - a cursed +0 whip of freezing
Missiles
 d - 75 stones
 k - 4 tomahawks (quivered)
 r - 3 needles of confusion
 t - 15 poisoned needles
Armour
 a - a +0 robe (worn)
 x - a +2 pair of gloves
Jewellery
 i - a cursed -3 ring of intelligence {unknown}
 m - an amulet of resist corrosion (around neck)
Magical devices
 p - a wand of paralysis (13)
Scrolls
 e - 2 scrolls of fog {unknown}
 g - a scroll of immolation {unknown}
 h - a scroll of magic mapping {unknown}
 o - a scroll of enchant weapon {unknown}
 s - 4 scrolls of identify {unknown}
 u - 2 scrolls of remove curse {unknown}
 v - 3 scrolls of amnesia {unknown}
Potions
 f - 2 potions of heal wounds {unknown}
 l - a potion of agility {unknown}
 n - 3 potions of curing {unknown}
Books
 b - a book of Callings

   Spells                             Type                      Level
   a - Summon Small Mammal            Summoning                    1
   b - Call Imp                       Summoning                    2
   c - Call Canine Familiar           Summoning                    3
   d - Summon Guardian Golem          Hexes/Summoning              4
   e - Summon Lightning Spire         Summoning/Air                4
   f - Summon Ice Beast               Ice/Summoning                4
Comestibles
 c - 3 bread rations
 j - 2 beef jerkies
 q - 3 meat rations


   Skills:
 - Level 1.5 Dodging
 - Level 3.0 Stealth
 - Level 3.0 Spellcasting
 + Level 8.7 Summonings
 - Level 3.1 Ice Magic
 - Level 4.6 Invocations


You had 3 spell levels left.
You knew the following spells:

 Your Spells              Type           Power        Failure   Level  Hunger
a - Summon Small Mammal   Summ           ####         1%          1    None
b - Call Imp              Summ           #####...     1%          2    ##.....
c - Call Canine Familiar  Summ           #####...     1%          3    ###....
d - Summon Ice Beast      Ice/Summ       ####....     12%         4    ####...


Dungeon Overview and Level Annotations

Branches:
Dungeon (7/15)             Temple (0/1) D:5

Altars:
Cheibriados
Fedhas
Kikubaaqudgha
Makhleb
Yredelemnul


Innate Abilities, Weirdness & Mutations

You cannot wear boots.
You can spit poison.
Your serpentine skin is tough (AC +2).
You have supernaturally acute eyesight.
Armour fits poorly on your strangely shaped body.
Your system is resistant to poisons.
You cover ground very slowly.


Message History

You hear a distant slurping noise.
You hear a distant slurping noise.
You now have 159 gold pieces (gained 9).
You see here a quarterstaff.
You open the door.
You hear a distant slurping noise.
There is an open door here.
You hear a distant slurping noise.
You hear a distant slurping noise.
You hear a squelching noise.
You hear a distant slurping noise. x2
You hear a squelching noise.
An iguana comes into view.
Unknown command.
Are you sure you want to abandon this character and quit the game? (Confirm with "yes".)
Okay, then.
Saving game... please wait.
Welcome back, jacksonaction the Naga Summoner.
Cheibriados says: Take it easy.
Press ? for a list of commands and other information.
Are you sure you want to abandon this character and quit the game? (Confirm with "yes".)

..... ... ..... ....l
.##...# #...#
.##...###+####...##
.##...<#..........
.+.....+..........
.##....##...##...#
.##....##...##...####+###
.##......)......@.......#
................h5......#
............##...######+#
.##....###..##...##....
.##....# #..##..........
.........#..'..........
.........+..#..........
#######################


You could see an iguana (sleeping), a friendly wolf and a friendly crimson imp.

Vanquished Creatures
  An adder (D:7)
  2 orcs
  2 bats
  3 hobgoblins
  A kobold (D:1)
  2 quokkas
  A goblin (D:5)
  A rat (D:4)
13 creatures vanquished.

Vanquished Creatures (collateral kills)
  Pikel (D:5)
  Eustachio (D:5)
  The ghost of Inchmeat the Conjurer, an average DrCj (D:4)
  Edmund (D:4)
  Menkaure (D:5)
  An orc warrior (D:7)
  2 slaves (D:5)
  A phantom (D:4)
  The ghost of Inchmeat the Conjurer, an average DrCj (D:3)
  Blork the orc (D:5)
  A giant frog (D:7)
  A scorpion (D:7)
  A killer bee (D:6)
  3 jellies
  2 hounds (D:5)
  3 crimson imps
  5 worker ants
  3 orc wizards
  Ijyb (D:2)
  Jessica (D:2)
  A hound skeleton (D:7)
  3 gnolls (D:5)
  A river rat (D:5)
  2 shadow imps (D:5)
  11 adders
  3 giant mites
  A white imp (D:5)
  3 worms
  3 giant geckos
  An ooze (D:1)
  27 orcs
  A bat zombie (D:5)
  A giant cockroach (D:2)
  2 gnoll zombies (D:5)
  8 goblins
  4 hobgoblins
  15 jackals
  10 kobolds
  5 quokkas
  2 ball pythons
  14 bats
  5 giant newts
  A quokka skeleton (D:5)
  14 rats
  A spectral orc (D:3)
171 creatures vanquished.

Vanquished Creatures (others)
  3 wolves
  A jelly (D:5)
  13 crimson imps
  11 hounds
  An iron imp (D:5)
  4 shadow imps
  5 white imps
  5 bats
  A quokka (D:3)
  A goblin (D:5)
  4 rats (D:1)
49 creatures vanquished.

Grand Total: 233 creatures vanquished

Notes
Turn   | Place    | Note
--------------------------------------------------------------
     0 | D:1      | jacksonaction, the Naga Summoner, began the quest for the Orb.
     0 | D:1      | Reached XP level 1. HP: 15/15 MP: 3/3
   633 | D:1      | Reached XP level 2. HP: 19/22 MP: 0/4
  1052 | D:1      | Learned a level 2 spell: Call Imp
  1414 | D:2      | Noticed Jessica
  1489 | D:2      | Killed Jessica
  1489 | D:2      | Reached XP level 3. HP: 28/28 MP: 0/6
  1566 | D:2      | Noticed Ijyb
  1573 | D:2      | Killed Ijyb
  1573 | D:2      | Reached skill level 5 in Summonings
  1929 | D:2      | Found an ancient bone altar of Kikubaaqudgha.
  2195 | D:2      | Reached XP level 4. HP: 34/36 MP: 7/7
  2602 | D:3      | Found a basalt altar of Yredelemnul.
  2748 | D:3      | Noticed Inchmeat's ghost (average DrCj)
  3032 | D:3      | Reached skill level 6 in Summonings
  3046 | D:3      | Reached XP level 5. HP: 22/42 MP: 2/9
  3632 | D:3      | Learned a level 3 spell: Call Canine Familiar
  3653 | D:3      | Killed Inchmeat's ghost
  4318 | D:4      | Noticed Inchmeat's ghost (average DrCj)
  4322 | D:4      | Killed Inchmeat's ghost
  4322 | D:4      | Reached skill level 7 in Summonings
  4322 | D:4      | Reached XP level 6. HP: 49/49 MP: 0/10
  4415 | D:4      | Noticed a phantom
  4437 | D:4      | Killed a phantom
  4505 | D:4      | Found a snail-covered altar of Cheibriados.
  4509 | D:4      | Found a blossoming altar of Fedhas.
  4513 | D:4      | Became a worshipper of Cheibriados the Contemplative
  4669 | D:4      | Noticed Edmund
  4704 | D:4      | Killed Edmund
  4834 | D:4      | Reached skill level 1 in Invocations
  5164 | D:5      | Entered Level 5 of the Dungeon
  5188 | D:5      | Acquired Cheibriados' first power
  5191 | D:5      | Reached XP level 7. HP: 55/55 MP: 2/14
  5316 | D:5      | Noticed Pikel
  5516 | D:5      | Noticed Eustachio
  5620 | D:5      | Killed Eustachio
  5620 | D:5      | Reached skill level 8 in Summonings
  5863 | D:5      | Killed Pikel
  6075 | D:5      | Found a staircase to the Ecumenical Temple.
  6078 | D:5      | Noticed Blork the orc
  6084 | D:5      | Killed Blork the orc
  6084 | D:5      | Reached XP level 8. HP: 62/62 MP: 8/16
  6092 | D:5      | Learned a level 4 spell: Summon Ice Beast
  6129 | D:5      | Noticed Menkaure
  6135 | D:5      | Killed Menkaure
  6135 | D:5      | Reached skill level 1 in Ice Magic
  6256 | D:5      | Found a burning altar of Makhleb.
  6768 | D:7      | Acquired Cheibriados' second power
  7164 | D:6      | Quit the game

Action                   |  1- 3 |  4- 6 |  7- 9 || total
-------------------------+-------+-------+-------++-------
Melee: Unarmed           |    12 |    52 |    42 ||   106
Throw: Stone             |    10 |       |       ||    10
       Tomahawk          |       |     3 |     7 ||    10
 Cast: Summon Small Mamm |    44 |     6 |       ||    50
       Call Imp          |    16 |    56 |    41 ||   113
       Call Canine Famil |       |     9 |    18 ||    27
       Summon Ice Beast  |       |       |     8 ||     8
 Abil: Spit Poison       |     2 |     6 |     4 ||    12
  Eat: Chunk             |     6 |    14 |     9 ||    29
